 Dungeon Crawl Stone Soup version 0.30.1-4-g462c640d31 (webtiles) character file.

Game seed: 12264715640311909881

5373 cowcol the Cleaver (level 10, -22/96 HPs)
             Began as a Minotaur Fighter on Aug 10, 2023.
             Was a High Priest of Okawaru.
             Killed from afar by an acid dragon (28 damage)
             ... with a splash of acid
             ... on level 9 of the Dungeon on Aug 13, 2023.
             The game lasted 00:30:54 (10298 turns).

cowcol the Cleaver (Minotaur Fighter)              Turns: 10298, Time: 00:30:55

Health: -22/96     AC:  8    Str: 22    XL:     10   Next: 39%
Magic:  4/9        EV: 11    Int:  5    God:    Okawaru [*****.]
Gold:   455        SH:  7    Dex: 19    Spells: 9/9 levels left

rFire   . . .        a - +0 war axe
rCold   . . .        c - +0 buckler
rNeg    . . .        n - +0 chain mail
rPois   .            (helmet restricted)
rElec   +            D - +0 cloak
rCorr   .            N - +1 pair of gloves {infuse}
SInv    .            E - +2 pair of boots
Will    +....        (no amulet)
Stlth   +            l - ring of willpower
HPRegen 0.36/turn    F - +6 ring of dexterity
MPRegen 0.11/turn

%: infuse magic (1 MP)
@: heroic, corroded, unable to drink
A: horns 2, retaliatory headbutt, robust 1, electricity resistance, inability to
drink after injury 1
a: Renounce Religion, Heroism, Finesse, Duel


You were on level 9 of the Dungeon.
You worshipped Okawaru.
Okawaru was extremely pleased with you.
You visited 1 branch of the dungeon, and saw 9 of its levels.

You collected 635 gold pieces.
You spent 180 gold pieces at shops.

Inventory:

Hand Weapons
 a - a +0 war axe (weapon)
Missiles
 w - a curare-tipped dart (quivered)
 M - 8 poisoned darts
Armour
 b - a +0 scale mail
 c - a +0 buckler (worn)
 e - a +2 pair of gloves
 f - a +0 plate armour
 n - a +0 chain mail (worn)
 C - a +0 pair of boots
 D - a +0 cloak (worn)
 E - a +2 pair of boots (worn)
 N - a +1 pair of gloves of infusion (worn)
 O - a +0 kite shield
Jewellery
 l - a ring of willpower (left hand)
 y - a ring of ice
 F - a +6 ring of dexterity (right hand)
 G - a +6 ring of intelligence
 K - a ring of wizardry
Wands
 u - a wand of quicksilver (23)
 J - a wand of paralysis (8)
 P - a wand of roots (5)
 Q - a wand of digging (5)
Scrolls
 d - a scroll of silence
 h - a scroll of brand weapon
 k - 2 scrolls of vulnerability
 m - 4 scrolls of fear
 p - 3 scrolls of teleportation
 s - a scroll of enchant weapon {unknown}
 v - 3 scrolls of magic mapping
 z - a scroll of torment
 H - a scroll of blinking
 I - a scroll of summoning {unknown}
 L - a scroll of poison {unknown}
Potions
 g - 2 potions of heal wounds
 i - a potion of berserk rage
 j - a potion of resistance {unknown}
 o - 6 potions of curing
 q - 5 potions of lignification
 r - 3 potions of brilliance
 t - 2 potions of invisibility
 x - 3 potions of flight {unknown}
 A - a potion of degeneration {unknown}
 B - 2 potions of attraction {unknown}


   Skills:
 + Level 8.1(13.1) Fighting
 * Level 14.7(19.7) Axes
 - Level 1.1(6.1) Throwing
 + Level 9.0(14.0) Armour
 + Level 3.6(8.6) Shields
 - Level 0.6 Invocations


You had 9 spell levels left.
You didn't know any spells.
Your spell library contained the following spells:

 Spells                   Type           Power      Damage    Failure   Level
 Magic Dart               Conj           0%         1d3       94%         1
 Sublimation of Blood     Necr           0%         N/A       98%         2
 Wereblood                Tmut           0%         N/A       98%         2
 Dazzling Flash           Conj/Hex       0%         N/A       100%        3
 Mephitic Cloud           Conj/Pois/Air  0%         N/A       100%        3
 Vhi's Electric Charge    Tloc/Air       0%         N/A       100%        3
 Volatile Blastmotes      Fire/Tloc      0%         2d10      100%        3
 Iskenderun's Mystic Bla  Conj/Tloc      0%         2d3       100%        4
 Arcjolt                  Conj/Air       0%         1d10      100%        5
 Plasma Beam              Fire/Air       0%         2x1d11    100%        6
 Starburst                Conj/Fire      0%         6d3       100%        6
 Maxwell's Capacitive Co  Air            0%         ∞         100%        8
 Call Imp                 Summ           Unusable   N/A       N/A         2
 Summon Hydra             Summ           Unusable   N/A       N/A         7

Dungeon Overview and Level Annotations

Branches:
Dungeon (9/15)             Temple (0/1) D:4            Lair (0/5) D:8
    Orc: D:9-12

Altars:
Elyvilon
Gozag
Nemelex Xobeh
Okawaru
Qazlal
Ru
Sif Muna
Vehumet
Wu Jian
Xom

Shops:
D:9 *:[


Innate Abilities, Weirdness & Mutations

You have a pair of horns on your head.
You reflexively headbutt those who attack you in melee.
You are robust. (+10% HP)
You are resistant to electric shocks. (rElec)
You occasionally lose the ability to drink potions when taking damage.


Message History

The acid corrodes you!
You hear a shout! x2; You hear an angry buzzing noise. x2
You hit the acid dragon.
You headbutt the acid dragon, but do no damage.
The acid dragon is heavily wounded.
Unknown command.
You closely miss the acid dragon.
The acid dragon is heavily wounded.
The acid dragon bites you.
* * * LOW HITPOINT WARNING * * *
The acid dragon claws you but does no damage.
Unknown command.
You cannot drink potions in your current state!
The acid dragon attacks as you move away!
The acid dragon bites you.
* * * LOW HITPOINT WARNING * * *
The acid dragon claws you but does no damage.
A killer bee comes into view.
You see here a killer bee corpse.
You cannot drink potions in your current state!
You feel more confident with your borrowed prowess.
The killer bee buzzes angrily.
The acid dragon bites you!
* * * LOW HITPOINT WARNING * * *
The acid dragon closely misses you.
An orc wizard comes into view. It is wielding a +0 dagger.
The orc wizard casts a spell.
The orc wizard flickers and vanishes!
Deactivating autopickup; reactivate with Ctrl-A.
The acid dragon spits acid at you. The splash of acid hits you.
* * * LOW HITPOINT WARNING * * *
The acid corrodes you! The acid dragon spits acid at you.
You block the splash of acid.
You can drink potions again.
The acid dragon spits acid at you. The splash of acid hits you!!
You feel threatened and lose the ability to drink potions!
You die...

Do.....# ###<########
...#..## #........#
..###.# #.######.##
#.#.##############.#..#
#...†..yo.o..#⌠..#..#.#
.##.#######.##.>.#....#
....# #.##..∩#..8.##
.#### #.D#####.....## #
##....@.∩.....#
#.#.....######
#..#.8..#∩..#
##......#.<.#
###....#..⌠# ##...#####
#####


You could see an acid dragon (catching breath).

Vanquished Creatures
  Pikel (D:6)
  A hornet (D:8)
  Sigmund (D:4)
  Grum (D:8)
  A steam dragon (D:8)
  2 water moccasins
  4 orc warriors
  The ghost of AccursedSamuel the Shield-Bearer, an amateur TrFi of the Shining One (D:6)
  An ice beast (D:5)
  4 sky beasts
  4 black bears
  3 wolves (D:8)
  An ogre (D:5)
  A centaur (D:6)
  4 lemures (D:6)
  2 kobold brigands
  A gnoll sergeant (D:8)
  5 bullfrogs
  3 scorpions
  4 wights
  2 killer bees (D:9)
  3 howler monkeys (D:8)
  3 quasits (D:6)
  6 hounds
  3 orc priests
  4 jellies
  4 iguanas
  2 sleepcaps
  10 orc wizards
  12 gnolls
  12 adders
  A shadow imp (D:6)
  5 white imps
  An ufetubus (D:5)
  A worm (D:2)
  4 dart slugs
  22 orcs
  12 endoplasms
  7 giant cockroaches
  11 goblins
  11 hobgoblins
  7 jackals
  3 kobolds
  2 quokkas (D:4)
  5 ball pythons
  5 bats (D:1)
  3 frilled lizards (D:1)
  6 rats (D:1)
212 creatures vanquished.

Vanquished Creatures (others)
  A howler monkey (D:8)
1 creature vanquished.

Grand Total: 213 creatures vanquished

Notes
Turn   | Place    | Note
-------+----------+-------------------------------------------
     0 | D:1      | cowcol the Minotaur Fighter began the quest for the Orb.
     0 | D:1      | Reached XP level 1. HP: 19/19 MP: 0/0
   354 | D:1      | Reached XP level 2. HP: 27/27 MP: 1/1
   479 | D:1      | Reached skill level 3 in Axes
   694 | D:1      | Reached XP level 3. HP: 31/33 MP: 2/2
  1103 | D:2      | Reached skill level 4 in Axes
  1518 | D:2      | Reached XP level 4. HP: 40/40 MP: 3/3
  1655 | D:2      | Found an iron altar of Okawaru.
  1670 | D:2      | Became a worshipper of Warmaster Okawaru
  1739 | D:2      | Found a faded altar of an unknown god.
  2630 | D:3      | Reached skill level 5 in Axes
  2697 | D:3      | Reached XP level 5. HP: 47/47 MP: 4/4
  2874 | D:3      | Found a radiant altar of Vehumet.
  3432 | D:4      | Reached * piety under Okawaru
  3469 | D:4      | Reached skill level 6 in Axes
  3496 | D:4      | Noticed Sigmund
  3518 | D:4      | HP: 1/47 [something (2)]
  3821 | D:3      | Reached skill level 5 in Armour
  3833 | D:4      | Reached XP level 6. HP: 44/53 MP: 5/5
  3836 | D:4      | Killed Sigmund
  3840 | D:4      | Reached skill level 5 in Fighting
  3928 | D:4      | Reached skill level 7 in Axes
  3933 | D:4      | Gained mutation: You are robust. (+10% HP) [potion of
                  | mutation]
  3933 | D:4      | Gained mutation: You are weak. (Str -2) [potion of
                  | mutation]
  3933 | D:4      | Gained mutation: Your flesh is heat resistant. (rF+)
                  | [potion of mutation]
  3934 | D:4      | Lost mutation: You are robust. (+10% HP) [potion of
                  | mutation]
  3934 | D:4      | Lost mutation: You are weak. (Str -2) [potion of mutation]
  3934 | D:4      | Lost mutation: Your flesh is heat resistant. (rF+) [potion
                  | of mutation]
  3934 | D:4      | Gained mutation: You occasionally lose the ability to drink
                  | potions when taking damage. [potion of mutation]
  3934 | D:4      | Gained mutation: You are robust. (+10% HP) [potion of
                  | mutation]
  3934 | D:4      | Gained mutation: You are resistant to electric shocks.
                  | (rElec) [potion of mutation]
  3957 | D:4      | Found a staircase to the Ecumenical Temple.
  4031 | D:4      | Reached ** piety under Okawaru
  4032 | D:4      | Reached XP level 7. HP: 54/67 MP: 6/6
  4274 | D:4      | Found a shimmering altar of Xom.
  4500 | D:4      | Found an opulent altar of Gozag.
  4609 | D:4      | Reached skill level 8 in Axes
  4610 | D:4      | HP: 5/100 [poisoned by a water moccasin]
  4614 | D:4      | HP: 1/67 [poisoned by a water moccasin]
  4850 | D:4      | Upgraded the game from 0.30.1-3-gfc49f6343a to
                  | 0.30.1-4-g462c640d31
  4892 | D:5      | Entered Level 5 of the Dungeon
  5062 | D:5      | Reached XP level 8. HP: 70/75 MP: 7/7
  5255 | D:5      | Reached skill level 9 in Axes
  5331 | D:5      | Reached *** piety under Okawaru
  5717 | D:6      | Found a transporter.
  5761 | D:6      | Found a transporter.
  5765 | D:6      | Noticed AccursedSamuel's ghost (amateur TrFi)
  5916 | D:6      | Reached skill level 10 in Axes
  6188 | D:6      | Reached skill level 1 in Throwing
  6208 | D:6      | Reached skill level 11 in Axes
  6416 | D:6      | Noticed Pikel
  6451 | D:6      | Reached XP level 9. HP: 80/82 MP: 8/8
  6470 | D:6      | Killed Pikel
  6471 | D:6      | Reached skill level 12 in Axes
  6812 | D:6      | Found a shimmering blue altar of Sif Muna.
  6842 | D:6      | Reached **** piety under Okawaru
  7031 | D:6      | Killed AccursedSamuel's ghost
  7662 | D:7      | Found a sparkling altar of Nemelex Xobeh.
  8434 | D:8      | Reached skill level 13 in Axes
  8837 | D:8      | Reached XP level 10. HP: 68/96 MP: 9/9
  8844 | D:8      | Noticed Grum
  8857 | D:8      | Killed Grum
  8858 | D:8      | Reached skill level 14 in Axes
  8865 | D:8      | Reached ***** piety under Okawaru
  9167 | D:8      | Found an ornate altar of the Wu Jian Council.
  9183 | D:8      | Found a stormy altar of Qazlal.
  9189 | D:8      | Found a sacrificial altar of Ru.
  9191 | D:8      | Found a white marble altar of Elyvilon.
  9478 | D:8      | Found a staircase to the Lair.
 10013 | D:9      | Found Uqush's Antique Armour Boutique.
 10013 | D:9      | Found Ipneos's Book Boutique.
 10013 | D:9      | Found Ceneev's General Store.
 10015 | D:9      | Bought a pair of runed gloves for 180 gold pieces
 10291 | D:9      | HP: 3/96 [acid dragon/splash of acid (5)]
 10298 | D:9      | Killed from afar by an acid dragon

Illustrated notes

Levels and vault maps discovered:
D:1:      saegor_arrival_miasma, layout_rooms, serial_glass, glass_columns_c,
          glass_columns_a, kennysheep_boxes
D:2:      minmay_angry_zag, layout_basic, basic_altar,
          chequers_ecumenical_altar_island
D:3:      layout_basic, vehumet_crystals, serial_bayou_pond_d
D:4:      layout_rooms, mainiacjoe_overflow_catch_the_wave, temple_fountains,
          minmay_pentangle, uniq_sigmund
D:5:      layout_loops_ring, chequers_serial_rivers_marsh, cheibrodos_gnoll_hut
D:6:      layout_cave_pods, mainiacjoe_overflow_alcove_2,
          gammafunk_ghost_stat_death, minmay_quadrilaterals, uniq_pikel
D:7:      layout_layer_cave, mainiacjoe_overflow_24_doors
D:8:      minmay_razor_zed, layout_basic, minitemple,
          grunt_lair_entry_orc_guard_hut, grunt_ministairs_4, st_stairs_9,
          uniq_grum
D:9:      nicolae_cairo_tiling_large_dashed, layout_loops_ring,
          nicolae_shop_distant_corner_stores, minmay_misc_feat_doors

Skill      XL: |  1  2  3  4  5  6  7  8  9 10 |
---------------+-------------------------------+-----
Fighting       | 4 5 6 7 8 |  8.1
Armour         | 4 5 6 7 8 9 |  9.0
Axes           | 3 4 5 6 7 8 11 13 14 | 14.7
Throwing       | 1 |  1.1
Shields        | |  3.6
Invocations    | |  0.6

Action                     |  1- 3 |  4- 6 |  7- 9 | 10-12 || total
---------------------------+-------+-------+-------+-------++-------
  Melee: War axe           |    89 |   104 |   267 |   100 ||   560
         Headbutt          |    14 |    16 |    58 |    18 ||   106
  Throw: Dart              |       |     3 |     5 |     1 ||     9
 Invoke: Heroism           |       |       |     3 |     2 ||     5
    Use: Scroll            |     2 |     5 |     4 |     3 ||    14
         Potion            |       |     5 |     5 |       ||    10
 Armour: Scale mail        |    46 |    51 |    20 |       ||   117
         Chain mail        |       |       |   144 |    38 ||   182
  Dodge: Dodged            |    34 |    50 |   107 |    38 ||   229
  Block: Buckler           |    25 |    19 |    54 |    23 ||   121
